 Dungeon Crawl Stone Soup version 0.30.0-11-gf55b779eaf (webtiles) character file.

Game seed: 14720977672003073699

2434 browni3141 the Carver (level 9, -3/90 HPs)
             Began as a Djinni Fighter on May 16, 2023.
             Slain by a hornet (6 damage)
             ... on level 8 of the Dungeon.
             The game lasted 00:16:03 (7166 turns).

browni3141 the Carver (Djinni Fighter)              Turns: 7166, Time: 00:16:04

Health: -3/90      AC:  8    Str: 15    XL:     9   Next: 77%
Gold:   282        EV: 11    Int: 10    God:
                   SH:  6    Dex: 23

rFire   + + .        a - +1 long sword
rCold   . . .        c - +0 buckler
rNeg    . . .        R - +0 scale mail
rPois   ∞            (no helmet)
rElec   .            (no cloak)
rCorr   .            X - +1 pair of gloves
SInv    .            (boots unavailable)
Will    .....        (no amulet) Stlth
                     O - +6 ring of dexterity
HPRegen 0.35/turn    G - ring of protection from cold
MPRegen 0.00/turn

%: infuse magic (-4 HP)
@: berserking, flying, very quick
A: sickness immunity, fire resistance 2, cold vulnerability 1, float, innate
caster, HP casting, extra vitality 1
a: no special abilities


You were on level 8 of the Dungeon.
You visited 1 branch of the dungeon, and saw 8 of its levels.

You collected 282 gold pieces.

Inventory:

Hand Weapons
 a - a +1 long sword (weapon)
 b - a +2 short sword of draining
Armour
 c - a +0 buckler (worn)
 F - a +0 pair of gloves
 K - a +0 pair of gloves
 R - a +0 scale mail (worn)
 X - a +1 pair of gloves (worn)
Magical Staves
 W - a staff of cold
Jewellery
 G - a ring of protection from cold (right hand)
 O - a +6 ring of dexterity (left hand)
Wands
 p - a wand of polymorph (4)
 V - a wand of flame (31)
Scrolls
 E - 2 scrolls of enchant armour
 M - a scroll of teleportation
 N - a scroll of poison
 Q - 3 scrolls of enchant weapon
 T - 2 scrolls of amnesia
 U - a scroll of vulnerability
Potions
 C - 2 potions of curing
 L - a potion of resistance {unknown}
 P - a potion of haste {unknown}
 S - a potion of cancellation {unknown}
 Y - 4 potions of flight {unknown}
 Z - 2 potions of brilliance {unknown}


   Skills:
 - Level 3.0 Fighting
 - Level 10.0 Long Blades
 - Level 3.0 Armour
 - Level 4.0 Dodging
 - Level 3.0 Shields
 * Level 2.0 Spellcasting
 - Level 4.0 Evocations


You knew the following spells:

 Your Spells              Type           Power      Damage    Failure   Level
m - Mephitic Cloud        Conj/Pois/Air  5%         N/A       89%         3
x - Scorch                Fire           10%        2d5       69%         2
z - Foxfire               Conj/Fire      20%        2x1d5     54%         1
W - Wereblood             Tmut           5%         N/A       69%         2
Your spell library was empty.

Dungeon Overview and Level Annotations

Branches:
Dungeon (9/15)
 Temple: D:4-7         Lair: D:8-11         Orc: D:9-12

Altars:
Ashenzari
Fedhas
Wu Jian
The Shining One

Annotations:
D:4 1 runed translucent door, Crazy Yiuf
D:5 Prince Ribbit
D:8 exclusion: door
D:9 exclusion: upstairs


Innate Abilities, Weirdness & Mutations

You are immune to sickness and miasma.
You are immune to poison.
Your flesh is very heat resistant. (rF++)
You are vulnerable to cold. (rC-)
You float through the air rather than walking.
You learn spells naturally, not from books.
Your magical power is your life essence.
You have superior vitality. (+4 MHP)


Message History

Aiming: Throw Flame
Press: ? - help, Shift-Dir - straight line, f - hornet
Aim: a hornet (wandering, hasn't noticed you, 57% to hit)
The puff of flame misses the hornet.
The hornet buzzes angrily.
Aiming: Throw Flame
Press: ? - help, Shift-Dir - straight line, f/p - hornet
Aim: a hornet (57% to hit)
The puff of flame hits the hornet.
The hornet is lightly wounded.
Aiming: Throw Flame
Press: ? - help, Shift-Dir - straight line, f/p - hornet
Aim: a hornet (lightly wounded, 57% to hit)
The puff of flame hits the hornet!
The hornet is moderately wounded.
Aiming: Throw Flame
Press: ? - help, Shift-Dir - straight line, f/p - hornet
Aim: a hornet (moderately wounded, 57% to hit)
The puff of flame hits the hornet.
The hornet is heavily wounded.
You hit the hornet but do no damage.
The hornet is heavily wounded.
The hornet completely misses you.
The hornet buzzes angrily.
You hit the hornet but do no damage.
The hornet is heavily wounded.
You hear a shout!
The hornet stings you! The hornet barely misses you.
You block the hornet's attack.
You fly upwards.
Level annotation: exclusion: door
There is a stone staircase leading down here.
You barely miss the hornet.
The hornet is heavily wounded.
You block the hornet's attack.
You hit the hornet.
The hornet is heavily wounded.
The hornet stings you but does no damage.
The hornet stings you.
You closely miss the hornet.
The hornet is heavily wounded.
You block the hornet's attack.
You closely miss the hornet.
The hornet is heavily wounded.
The hornet stings you! x2
* * * LOW HITPOINT WARNING * * *
You closely miss the hornet.
The hornet is heavily wounded.
The hornet stings you.
* * * LOW HITPOINT WARNING * * *
You hit the hornet.
The hornet is heavily wounded.
The hornet barely misses you.
The hornet stings you but does no damage.
You hit the hornet but do no damage.
The hornet is heavily wounded.
The hornet closely misses you.
You hit the hornet but do no damage.
The hornet is heavily wounded.
The hornet stings you!
* * * LOW HITPOINT WARNING * * *
The hornet stings you.
* * * LOW HITPOINT WARNING * * *
Unknown command.
Aiming: Throw Flame
Press: ? - help, Shift-Dir - straight line, f - hornet
Aim: a hornet (heavily wounded, 57% to hit)
The puff of flame hits the hornet but does no damage.
The hornet is heavily wounded.
The hornet stings you!
* * * LOW HITPOINT WARNING * * *
You feel much better.
The hornet stings you but does no damage.
The hornet barely misses you.
Aiming: Throw Flame
Press: ? - help, Shift-Dir - straight line, f/p - hornet
Aim: a hornet (heavily wounded, 57% to hit)
The puff of flame misses the hornet.
The hornet closely misses you.
Aiming: Throw Flame
Press: ? - help, Shift-Dir - straight line, f/p - hornet
Aim: a hornet (heavily wounded, 57% to hit)
The puff of flame hits the hornet.
The hornet is severely wounded.
You block the hornet's attack. The hornet stings you!
* * * LOW HITPOINT WARNING * * *
A red film seems to cover your vision as you go berserk!
You feel yourself moving faster!
You feel mighty! The hornet stings you.
* * * LOW HITPOINT WARNING * * *
You slash the hornet!
The hornet is almost dead.
The hornet stings you.
* * * LOW HITPOINT WARNING * * *
You completely miss the hornet.
The hornet is almost dead.
The hornet stings you.
* * * LOW HITPOINT WARNING * * *
You hit the hornet.
The hornet is almost dead.
The hornet stings you.
You die...

..........'....#.#.#
####......####.#.#.#
# #......# #.#.#.# #
#....<.# #.#.#.# #
#......# #.#.#.# #
#......# #.#.#.# #
####...# #.#.#.# #
#...# #.#.#.# #
#...# #.#@#)# #
#...# #.#y#.# #
#...# #.#.#.# #
#...# #.#.#.#
#######...####.###.#
......'...'....# #.#
#######...###### #.#
#...# #.# #...# #.#


You could see a hornet.

Vanquished Creatures
  Pikel (D:8)
  A hornet (D:9)
  3 yaks (D:8)
  Grum (D:9)
  A fire bat (D:8)
  A lemure (D:8)
  4 wolves (D:9)
  3 bullfrogs (D:8)
  3 killer bees (D:8)
  A howler monkey (D:5)
  A gnoll bouda (D:8)
  3 iguanas (D:4)
  3 orc wizards (D:8)
  4 gnolls (D:8)
  2 adders
  A shadow imp (D:8)
  2 ufetubi (D:4)
  2 dart slugs (D:4)
  14 orcs
  6 endoplasms
  4 giant cockroaches
  7 goblins
  6 hobgoblins
  5 jackals (D:1)
  2 quokkas
  8 ball pythons
  6 bats
  4 frilled lizards
  4 kobolds
  3 rats
106 creatures vanquished.

Notes
Turn   | Place    | Note
-------+----------+-------------------------------------------
     0 | D:1      | browni3141 the Djinni Fighter began the quest for the Orb.
     0 | D:1      | Reached XP level 1. HP: 20/20 MP: 0/0
    63 | D:1      | Reached skill level 2 in Long Blades
    67 | D:1      | Reached XP level 2. HP: 19/25 MP: 0/0
   336 | D:1      | Reached XP level 3. HP: 26/30 MP: 0/0
   336 | D:1      | Learned a level 1 spell: Foxfire
   719 | D:2      | Found a faded altar of an unknown god.
  1307 | D:3      | Reached XP level 4. HP: 27/35 MP: 0/0
  1311 | D:3      | Reached skill level 3 in Long Blades
  1489 | D:3      | Found a blossoming altar of Fedhas.
  1491 | D:3      | Found a glowing golden altar of the Shining One.
  2183 | D:4      | Reached skill level 3 in Dodging
  2183 | D:4      | Reached XP level 5. HP: 40/40 MP: 0/0
  2183 | D:4      | Learned a level 2 spell: Wereblood
  2334 | D:4      | Found a broken altar of Ashenzari.
  2577 | D:4      | Found a runed translucent door.
  2578 | D:4      | Noticed Crazy Yiuf
  2640 | D:4      | Reached XP level 6. HP: 33/46 MP: 0/0
  2759 | D:4      | Found an ornate altar of the Wu Jian Council.
  2892 | D:5      | Entered Level 5 of the Dungeon
  2972 | D:5      | Noticed Prince Ribbit
  3093 | D:5      | Reached skill level 4 in Long Blades
  3093 | D:5      | You are sucked into a shaft and drop 3 floors!
  3234 | D:8      | Noticed an orc warrior
  3251 | D:8      | an orc warrior changed into a gnoll
  3440 | D:8      | Noticed an acid dragon
  3441 | D:8      | an acid dragon changed into a fire bat
  3441 | D:8      | Noticed a fire bat
  3457 | D:8      | Killed a fire bat
  3458 | D:8      | Reached skill level 5 in Long Blades
  3458 | D:8      | Reached XP level 7. HP: 48/50 MP: 0/0
  3458 | D:8      | Learned a level 2 spell: Scorch
  3562 | D:8      | Reached skill level 6 in Long Blades
  3786 | D:8      | Noticed a yak
  3787 | D:8      | Noticed a yak
  4472 | D:8      | Reached skill level 7 in Long Blades
  4472 | D:8      | Reached XP level 8. HP: 46/56 MP: 0/0
  5257 | D:8      | Noticed Pikel
  5287 | D:8      | Killed Pikel
  5288 | D:8      | Reached skill level 8 in Long Blades
  5436 | D:8      | Noticed a yak
  5469 | D:8      | Killed a yak
  5470 | D:8      | Reached skill level 3 in Evocations
  5470 | D:8      | Reached XP level 9. HP: 60/60 MP: 0/0
  5470 | D:8      | Learned a level 3 spell: Mephitic Cloud
  5517 | D:8      | Reached skill level 9 in Long Blades
  6665 | D:9      | Noticed Grum
  6774 | D:9      | Killed Grum
  6826 | D:9      | Noticed a hornet
  6834 | D:9      | Killed a hornet
  6835 | D:9      | Reached skill level 10 in Long Blades
  6857 | D:9      | Noticed a hornet
  6857 | D:9      | Noticed a hornet
  6857 | D:9      | Noticed a troll
  7159 | D:8      | HP: 2/60 [hornet (12)]
  7165 | D:8      | HP: 3/90 [hornet (3)]
  7166 | D:8      | Slain by a hornet

Illustrated notes

Levels and vault maps discovered:
D:1:      dpeg_arrival_orchard, layout_rooms, minmay_tripent
D:2:      layout_basic, shapermc_ecumenical_altar_mp_ritualfount
D:3:      layout_loops_ring, chequers_temple_overflow_statue_of_worship
D:4:      layout_basic, nzn_wu_jian_contemplation,
          mainiacjoe_overflow_cross_hatched, uniq_crazy_yiuf_cottage
D:5:      layout_layer_cave, uniq_sigmund, uniq_prince_ribbit1
D:7:      layout_cave_pools, minmay_temple_entry_waves
D:8:      layout_basic, uniq_pikel
D:9:      layout_gridville, mainiacjoe_overflow_paths,
          nicolae_hepliaklqana_hazy_memory, dpeg_lair_monsters,
          minmay_joined_circles, uniq_grum, uniq_joseph

Skill      XL: |  1  2  3  4  5  6  7  8  9 |
---------------+----------------------------+-----
Dodging        | 1 2 3 4 |  4.0
Long Blades    | 2 3 5 7 8 10 | 10.0
Evocations     | 3 4 |  4.0
Spellcasting   | 2 |  2.0
Fighting       | |  3.0
Armour         | |  3.0
Shields        | |  3.0

Action                     |  1- 3 |  4- 6 |  7- 9 || total
---------------------------+-------+-------+-------++-------
  Melee: Long sword        |    95 |   175 |   159 ||   429
         Short sword       |     8 |       |       ||     8
  Throw: Dart              |       |    14 |    17 ||    31
  Evoke: Wand              |       |     4 |    19 ||    23
    Use: Scroll            |     3 |     1 |     8 ||    12
         Potion            |       |       |     4 ||     4
 Armour: Scale mail        |    54 |    71 |    59 ||   184
  Dodge: Dodged            |    54 |   112 |    98 ||   264
  Block: Buckler           |    29 |    56 |    50 ||   135
